 Dungeon Crawl Stone Soup version 0.28-a0-1190-g77e1c55843 (webtiles) character file.

Game seed: 11315377403715567495

105 pokeman the Magician (level 4, 0/25 HPs)
             Began as a Deep Elf Hedge Wizard on Dec 19, 2021.
             Killed by nerve-wracking pain
             ... invoked by an orc priest
              (11 damage)
             ... on level 3 of the Dungeon.
             The game lasted 00:05:28 (3052 turns).

pokeman the Magician (Deep Elf Hedge Wizard)        Turns: 3052, Time: 00:05:29

Health: 0/25       AC:  4    Str:  7    XL:     4   Next: 54%
Magic:  1/13       EV: 12    Int: 21    God:
Gold:   33         SH:  0    Dex: 14    Spells: 3/14 levels left

rFire   . . .      SeeInvis .   a - +0 dagger
rCold   . . .      Faith    .   (no shield)
rNeg    . . .      Spirit   .   p - +0 leather armour
rPois   .          Reflect  .   c - +0 hat
rElec   .          Harm     .   (no cloak)
rCorr   .          Rampage  .   (no gloves)
Will    .....                   i - +0 pair of boots
Stlth   ++........              (no amulet)
HPRegen 0.08/turn               (no ring)
MPRegen 0.13/turn               (no ring)

@: very slightly contaminated
A: no striking features
a: no special abilities


You were on level 3 of the Dungeon.
You visited 1 branch of the dungeon, and saw 3 of its levels.

You collected 33 gold pieces.

Inventory:

Hand Weapons
 a - a +0 dagger (weapon)
Missiles
 g - 17 arrows
 m - 21 bolts
Armour
 c - a +0 hat (worn)
 i - a +0 pair of boots (worn)
 p - a +0 leather armour (worn)
 s - a +0 tower shield
Scrolls
 b - a scroll of torment {unknown}
 e - a scroll of teleportation {unknown}
 f - a scroll of noise {unknown}
 j - 2 scrolls of magic mapping {unknown}
 l - a scroll of immolation {unknown}
 n - a scroll of acquirement {unknown}
 o - a scroll of fear {unknown}
 q - a scroll of blinking {unknown}
Potions
 d - a potion of heal wounds {unknown}
 h - a potion of curing {unknown}
 k - 2 potions of might {unknown}
 r - a potion of ambrosia {unknown}
 t - a potion of flight {unknown}


   Skills:
 - Level 1.0 Fighting
 - Level 1.0 Armour
 + Level 2.8 Dodging
 - Level 2.4 Stealth
 * Level 5.7 Spellcasting
 + Level 2.3 Conjurations
 - Level 1.1 Summonings
 - Level 1.1 Translocations
 - Level 1.0 Fire Magic
 + Level 0.0 Air Magic


You had 3 spell levels left.
You knew the following spells:

 Your Spells              Type           Power      Damage    Failure   Level
a - Magic Dart            Conj           60%        1d6       5%          1
b - Mephitic Cloud        Conj/Pois/Air  9%         N/A       32%         3
c - Call Imp              Summ           10%        N/A       14%         2
d - Blink                 Tloc           20%        N/A       14%         2
e - Conjure Flame         Conj/Fire      13%        6-21      22%         3

Your spell library contained the following spells:

 Spells                   Type           Power      Damage    Failure   Level
 Slow                     Hex            24%        N/A       14%         1
 Inner Flame              Hex/Fire       8%         N/A       34%         3
 Cause Fear               Hex            3%         N/A       82%         4
 Discord                  Hex            3%         N/A       100%        8


Dungeon Overview and Level Annotations

Branches:
Dungeon (3/15)

Altars:
Kikubaaqudgha

Annotations:
D:1 Loot behind glass


Message History

Unknown command.
Casting: Magic Dart (safe; 5% risk of failure)
Confirm with . or Enter, or press ? or * to list all spells.
The spell is extremely dangerous to miscast (32% risk of failure)!
Continue anyway?
Aiming: Mephitic Cloud (extremely dangerous; 32% risk of failure)
Press: ? - help, Shift-Dir - straight line, f/p - orc priest
Aim: an orc priest, wielding a +0 hand axe and wearing a +0 leather armour (lightly wounded, confused, chance to affect: 86%)
You miscast Mephitic Cloud.
You are very lightly contaminated with residual magic.
You are blasted with magical energy!
An orc comes into view. It is wielding a +0 club.
Casting: Mephitic Cloud (extremely dangerous; 32% risk of failure)
Confirm with . or Enter, or press ? or * to list all spells.
The spell is extremely dangerous to miscast (32% risk of failure)!
Continue anyway?
Aiming: Mephitic Cloud (extremely dangerous; 32% risk of failure)
Press: ? - help, Shift-Dir - straight line, f/p - orc priest
Aim: an orc priest, wielding a +0 hand axe and wearing a +0 leather armour (lightly wounded, confused, chance to affect: 86%)
You miscast Mephitic Cloud.
There is a short, sharp shower of sparks.
Unknown command.
Something closely misses the orc priest.
The orc priest closely misses the orc priest.
Casting: Mephitic Cloud (extremely dangerous; 32% risk of failure)
Confirm with . or Enter, or press ? or * to list all spells.
Aiming: Magic Dart (safe; 5% risk of failure)
Press: ? - help, Shift-Dir - straight line, f - goblin
Aim: a goblin, wielding a +0 dagger (100% to hit)
The magic dart hits the goblin.
The goblin is heavily wounded.
Casting: Magic Dart (safe; 5% risk of failure)
Confirm with . or Enter, or press ? or * to list all spells.
Aiming: Magic Dart (safe; 5% risk of failure)
Press: ? - help, Shift-Dir - straight line, f/p - goblin
Aim: a goblin, wielding a +0 dagger (heavily wounded, 100% to hit)
The magic dart hits the goblin.
You kill the goblin!
Unknown command.
The orc priest invokes the aid of Beogh against you.
Pain shoots through your body!
You die...

##..88≈≈≈≈≈88..#
#...............
#...(...........
#...88≈≈≈≈≈88..#
#.###≈≈≈≈≈...... #.#
#≈≈≈≈≈.#####
#.###≈≈≈≈#.#####
#########.##≈†≈≈≈#......
#.
#....).@..##≈≈≈≈≈#######
#. #..o########≈≈≈≈##
#.. #...# ##≈≈≈≈# #..
#...# #≈≈≈≈≈# #... #...#
#≈≈≈≈≈# ###...####o..#
#≈≈≈≈## .......o.....#
####≈≈≈≈# ......)..o...+
.>..≈≈≈≈# .............#
###.≈≈≈≈##


You could see an orc priest.

Vanquished Creatures
  4 adders (D:2)
  A gnoll (D:1)
  2 worms (D:2)
  A dart slug (D:2)
  An orc (D:3)
  5 ball pythons
  3 endoplasms
  5 giant cockroaches
  3 goblins
  4 hobgoblins
  3 jackals (D:3)
  6 kobolds
  4 quokkas
  3 bats
  2 frilled lizards (D:1)
  A rat (D:1)
48 creatures vanquished.

Notes
Turn   | Place    | Note
-------+----------+-------------------------------------------
     0 | D:1      | pokeman the Deep Elf Hedge Wizard began the quest for the
                  | Orb.
     0 | D:1      | Reached XP level 1. HP: 10/10 MP: 7/7
    71 | D:1      | Reached XP level 2. HP: 16/16 MP: 0/9
   613 | D:1      | Reached skill level 5 in Spellcasting
  1338 | D:2      | Reached XP level 3. HP: 20/20 MP: 11/11
  1343 | D:2      | Learned a level 3 spell: Mephitic Cloud
  1346 | D:2      | Learned a level 2 spell: Call Imp
  1349 | D:2      | Learned a level 2 spell: Blink
  1353 | D:2      | Learned a level 3 spell: Conjure Flame
  1541 | D:2      | Reached skill level 1 in Armour
  1590 | D:2      | Reached skill level 1 in Fighting
  2053 | D:2      | Reached XP level 4. HP: 21/25 MP: 6/13
  2787 | D:3      | Found an ancient bone altar of Kikubaaqudgha.
  3038 | D:3      | Reached skill level 1 in Fire Magic
  3052 | D:3      | Killed from afar by an orc priest

Illustrated notes

Levels and vault maps discovered:
D:1:      psy_arrival_spokes, layout_basic, due_unseen_surprise
D:2:      layout_basic, amcnicky_mini_corridor_feature,
          kennysheep_generic_room_2
D:3:      wander_river, layout_basic, nicolae_kikubaaqudgha_miasma_corner,
          serial_shops, shop_coins, ebering_ecumenical_altar_abandoned,
          uniq_sigmund

Skill      XL: |  1  2  3  4 |
---------------+-------------+-----
Spellcasting   | 5 |  5.7
Armour         | 1 |  1.0
Fighting       | 1 |  1.0
Conjurations   | 2 |  2.3
Fire Magic     | 1 |  1.0
Dodging        | |  2.8
Stealth        | |  2.4
Summonings     | |  1.1
Translocations | |  1.1

Action                   |  1- 3 |  4- 6 || total
-------------------------+-------+-------++-------
Melee: Dagger            |     2 |     1 ||     3
 Cast: Magic Dart        |   110 |    36 ||   146
       Mephitic Cloud    |       |     1 ||     1
 Stab: Sleeping          |     1 |     1 ||     2
Armor: Robe              |     4 |       ||     4
       Leather armour    |     2 |       ||     2
Dodge: Dodged            |    14 |     4 ||    18

Table legend: (Time is in decaauts)
 A = Elapsed time spent in this place.
 B = Non-inter-level travel time spent in this place.
 C = Inter-level travel time spent in this place.
 D = Time resting spent in this place.
 E = Time spent auto-exploring this place.
 F = Levels seen in this place.
 G = Mean time per level.
                   A        B        C        D        E       F      G
               +--------+--------+--------+--------+--------+-----+--------+
         Total |   3086 |   3018 |     68 |    119 |   2553 |   3 | 1028.7 |
       Dungeon |   3086 |   3018 |     68 |    119 |   2553 |   3 | 1028.7 |
               +--------+--------+--------+--------+--------+-----+--------+

Top non-repeatable levels by time:
     D:2: 1426 daAuts
     D:1: 1336 daAuts
     D:3: 323 daAuts
